 Dungeon Crawl Stone Soup version 0.23.2-33-g5129a83184 (webtiles) character file.

Game seed: 7366893025883393734

6 Atelerd the Magician (level 1, -5/11 HPs)
             Began as an Octopode Wizard on July 16, 2019.
             Slain by a freezing wraith (16 damage)
             ... on level 1 of the Abyss.
             The game lasted 00:01:07 (506 turns).

Atelerd the Magician (Octopode Wizard)               Turns: 506, Time: 00:01:08

Health: -5/11      AC:  1    Str:  6    XL:     1   Next: 90%
Magic:  4/4        EV: 13    Int: 20    God:
Gold:   54         SH:  0    Dex: 10    Spells: 5/6 levels left

rFire    . . .     SeeInvis .   g - +0 mace
rCold    . . .     Gourm    .   (no shield)
rNeg     . . .     Faith    .   a - +0 hat
rPois    .         Spirit   .   (no amulet)
rElec    .         Reflect  .   (no ring)
rCorr    .         Harm     .   (no ring)
MR       .....                  (no ring)
Stlth    +++.......             (no ring)
HPRegen  0.03/turn              (no ring)
MPRegen  0.09/turn              (no ring)
                                (no ring)
                                (no ring)

@: no status effects
A: almost no armour, stealthy swim, amphibious, 8 rings, constrict 8, camouflage
1, gelatinous body 1
a: no special abilities


You were on level 1 of the Abyss.
You were not hungry.

You visited 1 branch of the dungeon, and saw 1 of its levels.
You visited the Abyss 1 time.

You collected 54 gold pieces.

Inventory:

Hand Weapons
 g - a +0 mace (weapon)
 j - a +2 short sword of distortion
 k - a +0 shortbow
Armour
 a - a +0 hat (worn)
Jewellery
 h - a cursed ring of teleportation {unknown}
Scrolls
 e - a scroll of identify {unknown}
 f - a scroll of blinking {unknown}
 i - a scroll of fear {unknown}
Potions
 b - a potion of agility {unknown}
 d - a potion of curing {unknown}
Comestibles
 c - 2 rations


   Skills:
 - Level 2.0 Dodging
 - Level 2.6 Stealth
 + Level 3.1 Spellcasting
 * Level 1.6 Conjurations
   Level 1.0 Summonings
   Level 1.0 Translocations


You had 5 spell levels left.
You knew the following spells:

 Your Spells              Type           Power        Failure   Level  Hunger
a - Magic Dart            Conj           #...         8%          1    None

Your spell library contained the following spells:

 Spells                   Type           Power        Failure   Level  Hunger
 Blink                    Tloc           N/A          14%         2    ##.....
 Call Imp                 Summ           #.......     14%         2    ##.....
 Slow                     Hex            #.......     22%         2    ##.....
 Conjure Flame            Conj/Fire      #.......     30%         3    ###....
 Mephitic Cloud           Conj/Pois/Air  #.......     34%         3    ###....


Dungeon Overview and Level Annotations

Branches:
Dungeon (1/15)

Altars:


Innate Abilities, Weirdness & Mutations

You cannot wear most types of armour.
You are very stealthy in the water. (Stealth+)
You are amphibious.
You can wear up to eight rings at the same time.
You can use your tentacles to constrict eight enemies at once.
Your skin changes colour to match your surroundings (Stealth+).
Your rubbery body absorbs attacks. (AC +1, EV +1)


Message History

g - a +0 mace (weapon)
You are cast into the Abyss!
To return, you must find a gate leading back.
Killing monsters will force the Abyss to allow you passage.
This branch contains the abyssal rune of Zot.
Found a gateway leading out of the Abyss.
Found 17 stones.
Found a shortbow.
You see here 17 stones.
You see here a shortbow.
k - a shortbow You see here 17 stones.
A small abomination comes into view.
You see here 17 stones.
Found 23 gold pieces.
You see here 23 gold pieces.
You now have 54 gold pieces (gained 23).
The freezing wraith hits you!
Ouch! That really hurt!
You die...

..## .#.. # #..#
. #≈ ###...#.#
≈.≈# ###....#.
#.§ ###....#..#
#..###.......#.#
#...#........#
≈.##.@W......##
#.§...#......#...
#............## .
.#.≈≈≈##.#...##
..#≈≈§#...#.#.#
#..≈≈≈..#.....#
###≈≈#≈≈..#.###
.# ..#≈≈.≈.#
...#.# ..≈
≈..###. .#


You could see a freezing wraith.

Vanquished Creatures
  A bat (D:1)
  A goblin (D:1)
  A hobgoblin (D:1)
  A kobold (D:1)
  2 rats (D:1)
6 creatures vanquished.

Notes
Turn   | Place    | Note
-------+----------+-------------------------------------------
     0 | D:1      | Atelerd the Octopode Wizard began the quest for the Orb.
     0 | D:1      | Reached XP level 1. HP: 11/11 MP: 4/4
   437 | D:1      | Cast into level 1 of the Abyss (a distortion unwield)
   470 | Abyss:1  | Noticed a small abomination
   491 | Abyss:1  | Noticed a freezing wraith
   506 | Abyss:1  | Slain by a freezing wraith

Action                   || total
-------------------------++-------
Melee: Unarmed           ||     9
       Constrict         ||     3
       Mace              ||     2
       Short sword       ||     2
 Cast: Magic Dart        ||     3
 Stab: Sleeping          ||     3
Dodge: Dodged            ||     6
